 Dungeon Crawl Stone Soup version 0.31.0-11-ge490571c62 (webtiles) character file.

Game seed: 11761349935232746838

2141 Janerl the Basher (level 9, -7/79 HPs)
             Began as a Minotaur Berserker on Feb 9, 2024.
             Was an Elder of Trog.
             Mangled by a gnoll
             ... wielding a +0 halberd
              (10 damage)
             ... while paralysed by a hornet
             ... on level 8 of the Dungeon.
             The game lasted 00:21:07 (5209 turns).

Janerl the Basher (Minotaur Berserker)              Turns: 5209, Time: 00:21:09

Health: -7/79      AC: 10    Str: 24    XL:     9   Next: 9%
Magic:  8/8        EV:  2    Int:  6    God:    Trog [****..]
Gold:   466        SH:  0    Dex: 10    Spells: 8/8 levels left

rFire   . . .        n - +3 flail (venom)
rCold   . . .        (no shield)
rNeg    . . .        r - +2 ring mail {Will+}
rPois   .            E - +0 hat
rElec   .            F - +1 cloak
rCorr   .            (no gloves)
SInv    .            (no boots)
Will    +....        C - amulet of the acrobat
Stlth   +            (no ring)
HPRegen 0.33/turn    (no ring)
MPRegen 0.11/turn

%: acrobat
@: paralysed, lethally poisoned (-7 -> -9), slowed
A: horns 2, retaliatory headbutt
a: Renounce Religion, Berserk, Trog's Hand, Brothers in Arms


You were on level 8 of the Dungeon.
You worshipped Trog.
Trog was greatly pleased with you.
You visited 1 branch of the dungeon, and saw 8 of its levels.

You collected 466 gold pieces.

Inventory:

Hand Weapons
 f - a +2 dagger of venom
 g - a +1 whip of freezing
 m - a +1 falchion of holy wrath
 n - a +3 flail of venom (weapon)
 A - the +1 war axe of Vogh {pain, rF+}
   (You found it on level 6 of the Dungeon)

   rF+:       It protects you from fire.
Missiles
 o - 5 boomerangs (quivered)
 p - 3 silver javelins
 s - 15 poisoned darts
Armour
 r - a +2 ring mail of willpower (worn)
 B - +0 acid dragon scales
 E - a +0 hat (worn)
 F - a +1 cloak (worn)
Jewellery
 C - an amulet of the acrobat (around neck)
 G - a ring of protection from cold
Wands
 a - a wand of polymorph (4)
 h - a wand of digging (10)
 v - a wand of paralysis (12)
 x - a wand of light (10)
 y - a wand of mindburst (14)
Scrolls
 i - a scroll of revelation {unknown}
 k - 4 scrolls of identify
 l - 4 scrolls of poison
 q - a scroll of immolation
 t - a scroll of vulnerability
 u - a scroll of enchant weapon
 D - a scroll of acquirement {unknown}
 H - a scroll of noise {unknown}
 I - 2 scrolls of teleportation
Potions
 b - 5 potions of curing
 c - a potion of mutation {unknown}
 d - 4 potions of heal wounds
 e - 4 potions of lignification {unknown}
 j - a potion of enlightenment {unknown}
 w - 2 potions of might {unknown}
 z - 2 potions of haste {unknown}


   Skills:
 + Level 7.0 Fighting
 + Level 9.7 Maces & Flails
 + Level 3.5 Throwing
 + Level 6.3 Armour
 + Level 4.9 Dodging
 + Level 2.0 Stealth


You had 8 spell levels left.
You didn't know any spells.
Your spell library was empty.

Dungeon Overview and Level Annotations

Branches:
Dungeon (8/15)             Temple (0/1) D:5
   Lair: D:8-11

Altars:
Gozag

Shops:
D:1 [


Innate Abilities, Weirdness & Mutations

You have a pair of horns on your head.
You reflexively headbutt those who attack you in melee.


Message History

The hornet stings you!
You are poisoned.
You feel yourself slow down.
You barely miss the hornet.
You feel very sick. The hornet barely misses you. You furiously retaliate!
You headbutt the hornet! The gnoll closely misses you. You furiously retaliate!
You headbutt the gnoll! The gnoll barely misses you.
The hornet barely misses you. You furiously retaliate!
You headbutt the hornet! The gnoll hits you with a +0 whip.
The gnoll barely misses you.
You hit the hornet.
The hornet is poisoned.
The hornet is severely wounded.
You feel yourself speed up.
You feel sick. The hornet closely misses you. The hornet stings you.
You feel yourself slow down.
The gnoll hits you from afar with a +0 halberd.
The gnoll misses you.
You barely miss the gnoll. Your headbutt misses the gnoll.
The gnoll is severely wounded.
You feel yourself speed up.
You feel sick.
The hornet stings you but does no damage.
The gnoll closely misses you. x2; The hornet stings you.
You feel yourself slow down.
You hit the gnoll.
The gnoll is poisoned.
The gnoll is severely wounded.
You feel sick.
The hornet stings you but does no damage.
The gnoll hits you with a +0 whip. The gnoll barely misses you.
The hornet stings you!
You suddenly lose the ability to move!
The gnoll hits you with a +0 whip.
The gnoll hits you from afar with a +0 halberd.
You feel yourself speed up.
You feel sick. The hornet stings you!
* * * LOW HITPOINT WARNING * * *
You feel yourself slow down. The hornet stings you!
* * * LOW HITPOINT WARNING * * *
You feel as though you will be slow longer.
The gnoll hits you from afar with a +0 halberd!
You die...

### ...##
#+###..
....+
....... ....
..... ...# #
.... ...##..
#.. .......
#.g##y$.....
#.)g@.......
#..##.?###.#
#.. ..# #>.
...+ ...
...# #...
...# #...
...# ####
####


You could see a hornet (very poisoned) and 2 gnolls.

Vanquished Creatures
  Maggie (D:6)
  Grinder (D:3)
  An ice beast (D:7)
  A phantom (D:6)
  4 bullfrogs
  A gnoll sergeant (D:6)
  3 scorpions
  3 bombardier beetles
  5 hounds
  2 jellies
  3 orc priests (D:5)
  4 sleepcaps (D:6)
  Ijyb (D:3)
  3 iguanas
  3 orc wizards (D:5)
  Robin (D:3)
  7 adders
  11 gnolls
  2 white imps
  2 ufetubi (D:5)
  3 dart slugs
  12 orcs
  8 ball pythons
  7 endoplasms
  5 giant cockroaches
  11 goblins
  11 hobgoblins
  5 jackals
  5 quokkas
  6 bats
  8 frilled lizards
  6 kobolds
  6 rats
152 creatures vanquished.

Notes
Turn   | Place    | Note
-------+----------+-------------------------------------------
     0 | D:1      | Janerl the Minotaur Berserker began the quest for the Orb.
     0 | D:1      | Reached XP level 1. HP: 19/19 MP: 0/0
    47 | D:1      | Found Xuxtikh's Armour Emporium.
    83 | D:1      | Reached XP level 2. HP: 27/27 MP: 1/1
    86 | D:1      | Reached skill level 4 in Maces & Flails
   257 | D:1      | Reached XP level 3. HP: 32/33 MP: 2/2
   388 | D:1      | Reached ** piety under Trog
  1056 | D:2      | Found a faded altar of an unknown god.
  1598 | D:3      | Reached XP level 4. HP: 41/41 MP: 3/3
  1606 | D:3      | Noticed Robin
  1615 | D:3      | Noticed Grinder
  1622 | D:3      | Killed Robin
  1649 | D:3      | Reached skill level 5 in Maces & Flails
  1650 | D:3      | Paralysed by Grinder for 4 turns
  1655 | D:3      | Killed Grinder
  1656 | D:3      | Reached skill level 5 in Fighting
  1656 | D:3      | Reached skill level 6 in Maces & Flails
  1656 | D:3      | Reached XP level 5. HP: 8/48 MP: 4/4
  1656 | D:3      | Reached XP level 6. HP: 10/56 MP: 5/5
  1898 | D:3      | Reached *** piety under Trog
  2030 | D:3      | Found an opulent altar of Gozag.
  2061 | D:3      | Reached skill level 1 in Throwing
  2241 | D:3      | Noticed Ijyb
  2249 | D:3      | Killed Ijyb
  2444 | D:4      | Reached skill level 1 in Stealth
  2487 | D:4      | Reached XP level 7. HP: 44/61 MP: 6/6
  3324 | D:5      | Entered Level 5 of the Dungeon
  3333 | D:5      | Found a staircase to the Ecumenical Temple.
  3337 | D:5      | Reached skill level 7 in Maces & Flails
  3603 | D:5      | Reached **** piety under Trog
  4047 | D:6      | Reached skill level 5 in Armour
  4129 | D:6      | Reached XP level 8. HP: 70/70 MP: 7/7
  4166 | D:6      | Reached skill level 8 in Maces & Flails
  4358 | D:6      | Identified the +1 war axe of Vogh {pain, rF+}
  4363 | D:6      | Noticed Maggie
  4373 | D:6      | Killed Maggie
  4505 | D:6      | Reached skill level 9 in Maces & Flails
  4870 | D:7      | Reached XP level 9. HP: 76/78 MP: 8/8
  5208 | D:8      | Paralysed by a hornet for 2 turns
  5209 | D:8      | HP: 3/79 [hornet (11)]
  5209 | D:8      | Mangled by a gnoll

Illustrated notes

Levels and vault maps discovered:
D:1:      mushboom_english_gardens, layout_rooms, serial_shops, shop_fountains
D:2:      layout_basic, dreamdust_ecumenical_altar_angels_and_demons,
          glass_columns_b
D:3:      layout_rooms, nicolae_gozag_cash_rules_everything_around_me,
          minivault_11, minmay_diced_spiral, uniq_grinder, uniq_ijyb, uniq_robin
D:4:      layout_cave_pods, serial_glass, glass_columns_c, glass_columns_a,
          glass_columns_c, glass_columns_b, glass_columns_b, glass_columns_a,
          glass_columns_a, glass_columns_a, glass_columns_b, glass_columns_b,
          glass_columns_a, glass_columns_c, glass_columns_b, glass_columns_c,
          feat_on_display, minmay_strange_pillars, feat_on_display,
          minmay_strange_pillars, hangedman_decor_diamond_cutter,
          minmay_lizard_king
D:5:      layout_loops_ring, minmay_temple_entry_wispy
D:6:      layout_cave_pools, hellmonk_no_cap, uniq_maggie
D:7:      layout_rooms
D:8:      layout_gridville, mainiacjoe_overflow_chevrons,
          minmay_lair_entry_grove, kennysheep_boxes, uniq_pikel, uniq_gastronok,
          uniq_erica

Skill      XL: |  1  2  3  4  5  6  7  8  9 |
---------------+----------------------------+-----
Maces & Flails | 4 6 7 9 |  9.7
Fighting       | 4 5 6 7 |  7.0
Armour         | 3 4 5 6 |  6.3
Dodging        | 3 4 |  4.9
Throwing       | 1 3 |  3.5
Stealth        | 1 2 |  2.0

Action                     |  1- 3 |  4- 6 |  7- 9 || total
---------------------------+-------+-------+-------++-------
  Melee: Mace              |    33 |       |       ||    33
         Headbutt          |    10 |     9 |    28 ||    47
         Whip              |    45 |    36 |     3 ||    84
         Flail             |       |    38 |   142 ||   180
         Punch             |       |     1 |     1 ||     2
         Unarmed           |       |     1 |       ||     1
  Throw: Boomerang         |       |    40 |    13 ||    53
 Invoke: Berserk           |       |     1 |       ||     1
    Use: Potion            |       |     1 |       ||     1
         Scroll            |       |     1 |     7 ||     8
 Armour: Animal skin       |    21 |       |       ||    21
         Ring mail         |    29 |    50 |   109 ||   188
  Dodge: Dodged            |    69 |    48 |    96 ||   213
